 Dungeon Crawl Stone Soup version 0.29.1-15-g9cfb28693d (webtiles) character file.

Game seed: 9167268943352485320

26 protoss039 the Digger (level 2, -5/21 HPs)
             Began as a Demonspawn Earth Elementalist on Mar 14, 2023.
             Slain by Natasha (6 damage)
             ... on level 2 of the Dungeon.
             The game lasted 00:01:20 (1524 turns).

protoss039 the Digger (DsEE)                        Turns: 1524, Time: 00:01:21

Health: -5/21      AC:  3    Str:  8    XL:     2   Next: 89%
Magic:  1/5        EV:  9    Int: 16    God:
Gold:   54         SH:  0    Dex: 13    Spells: 2/5 levels left

rFire   . . .      SeeInvis .   e - +0 short sword
rCold   . . .      Faith    .   (no shield)
rNeg    . . .      Spirit   .   a - +0 robe
rPois   .          Reflect  .   h - +0 helmet
rElec   .          Harm     .   (no cloak)
rCorr   .          Rampage  .   (no gloves)
Will    .....                   (no boots)
Stlth   ++........              (no amulet)
HPRegen 0.07/turn               (no ring)
MPRegen 0.09/turn               (no ring)

@: grasped by roots, constricted
A: powered by pain 1
a: no special abilities


You were on level 2 of the Dungeon.
You visited 1 branch of the dungeon, and saw 2 of its levels.

You collected 54 gold pieces.

Inventory:

Hand Weapons
 e - a +0 short sword (weapon)
Armour
 a - a +0 robe (worn)
 h - a +0 helmet (worn)
Scrolls
 c - a scroll of teleportation {unknown}
 d - a scroll of butterflies {unknown}
 i - a scroll of immolation {unknown}
 j - a scroll of identify {unknown}
Potions
 b - a potion of magic
 f - a potion of lignification {unknown}
 g - a potion of cancellation {unknown}


   Skills:
 + Level 1.3 Fighting
 - Level 1.7 Dodging
 - Level 1.7 Stealth
 + Level 2.4 Spellcasting
 - Level 0.8 Transmutations
 + Level 3.1 Earth Magic


You had 2 spell levels left.
You knew the following spells:

 Your Spells              Type           Power      Damage    Failure   Level
a - Sandblast             Erth           22%        2d7       5%          1
b - Passwall              Tmut/Erth      6%         N/A       13%         2

Your spell library contained the following spells:

 Spells                   Type           Power      Damage    Failure   Level
 Magic Dart               Conj           4%         1d3       21%         1
 Summon Small Mammal      Summ           4%         N/A       21%         1
 Searing Ray              Conj           2%         2d4       30%         2
 Stone Arrow              Conj/Erth      12%        3d7       30%         3
 Call Canine Familiar     Summ           1%         N/A       52%         3
 Summon Guardian Golem    Hex/Summ       1%         N/A       52%         3
 Petrify                  Tmut/Erth      8%         N/A       65%         4
 Fulminant Prism          Conj/Hex       0%         3d6       89%         4


Dungeon Overview and Level Annotations

Branches:
Dungeon (2/15) Zot: 10455

Altars:

Annotations:
D:2 Natasha


Innate Abilities, Weirdness & Mutations

You sometimes gain a little power by taking damage.


Message History

Casting: Sandblast (safe; 5% risk of failure)
Confirm with . or Enter, or press ? or * to list all spells.
Aiming: Sandblast (safe; 5% risk of failure)
Press: ? - help, Shift-Dir - straight line, f - Natasha
Aim: Natasha, carrying a wand of roots (9) (asleep, 100% to hit)
The blast of sand hits Natasha.
Natasha is moderately wounded.
Natasha hisses angrily.
Natasha hisses.
Natasha closely misses you.
Casting: Sandblast (safe; 5% risk of failure)
Confirm with . or Enter, or press ? or * to list all spells.
Aiming: Sandblast (safe; 5% risk of failure)
Press: ? - help, Shift-Dir - straight line, f/p - Natasha
Aim: Natasha, carrying a wand of roots (9) (moderately wounded, 77% to hit)
The blast of sand hits Natasha.
Natasha is severely wounded.
Natasha zaps a wand.
The roots erupt in riotous growth!
The grasping roots grab you!
Natasha is unaffected.
The grasping roots constrict you!
Casting: Sandblast (safe; 5% risk of failure)
Confirm with . or Enter, or press ? or * to list all spells.
Aiming: Sandblast (safe; 5% risk of failure)
Press: ? - help, Shift-Dir - straight line, f/p - Natasha
Aim: Natasha, carrying a wand of roots (8) (severely wounded, 77% to hit)
The blast of sand misses Natasha.
Natasha claws you but does no damage. The grasping roots constrict you.
Natasha claws you.
* * * LOW HITPOINT WARNING * * *
The grasping roots constrict you.
* * * LOW HITPOINT WARNING * * *
Unknown command.
Casting: Sandblast (safe; 5% risk of failure)
Confirm with . or Enter, or press ? or * to list all spells.
Aiming: Sandblast (safe; 5% risk of failure)
Press: ? - help, Shift-Dir - straight line, f/p - Natasha
Aim: Natasha, carrying a wand of roots (8) (severely wounded, 77% to hit)
The blast of sand hits Natasha.
Natasha is almost dead.
Natasha claws you.
You die...

## .. .# .#
###.#.#
#.@...#
##.#h#.# #
#..#.# #..
#.##.# #..#
#.# .# #..#
#.# .#
#..###.##.#
#.......#.#
######.#....#


You could see Natasha.

Vanquished Creatures
  3 ball pythons (D:1)
  2 endoplasms
  4 giant cockroaches (D:1)
  2 goblins (D:1)
  4 hobgoblins (D:1)
  2 quokkas (D:1)
  A bat (D:1)
  A frilled lizard (D:1)
  A kobold (D:1)
  3 rats (D:1)
23 creatures vanquished.

Notes
Turn   | Place    | Note
-------+----------+-------------------------------------------
     0 | D:1      | protoss039 the Demonspawn Earth Elementalist began the
                  | quest for the Orb.
     0 | D:1      | Reached XP level 1. HP: 13/13 MP: 3/3
   344 | D:1      | Gained mutation: You sometimes gain a little power by
                  | taking damage. [demonic ancestry]
   344 | D:1      | Reached XP level 2. HP: 20/20 MP: 3/5
   390 | D:1      | Reached skill level 1 in Fighting
   474 | D:1      | Reached skill level 3 in Earth Magic
   774 | D:1      | Found a faded altar of an unknown god.
  1448 | D:1      | Learned a level 2 spell: Passwall
  1520 | D:2      | Noticed Natasha
  1523 | D:2      | HP: 1/21 [constriction (3)]
  1524 | D:2      | Slain by Natasha

Illustrated notes

Levels and vault maps discovered:
D:1:      spicycebolla_arrival_xxxplode, layout_basic,
          ebering_ecumenical_altar_hall, minmay_pentomino_u4
D:2:      layout_basic, basic_altar, uniq_natasha

Skill      XL: |  1  2 |
---------------+-------+-----
Fighting       | 1 |  1.3
Earth Magic    | 3 |  3.1
Dodging        | |  1.7
Stealth        | |  1.7
Spellcasting   | |  2.4
Transmutations | |  0.8

Action                   || total
-------------------------++-------
Melee: Unarmed           ||    16
       Short sword       ||    12
 Cast: Sandblast         ||    39
 Stab: Sleeping          ||     2
Armor: Robe              ||    15
Dodge: Dodged            ||    31
